 Dungeon Crawl Stone Soup version 0.22.1-2-g9c5b331383 (webtiles) character file.

904 H0rd4k the Cutter (level 8, -5/58 HPs)
             Began as a Human Artificer on Jan 3, 2019.
             Killed from afar by an orc wizard (10 damage)
             ... with a magic dart
             ... on level 5 of the Dungeon.
             The game lasted 00:22:05 (7440 turns).

H0rd4k the Cutter (Human Artificer)                 Turns: 7440, Time: 00:22:06

Health: -5/58      AC:  4    Str: 14    XL:     8   Next: 29%
Magic:  20/20      EV: 15    Int: 17    God:
Gold:   216        SH:  0    Dex: 23    Spells: 7/7 levels left

rFire    x . .     SeeInvis .   a - +0 short sword
rCold    + . .     Gourm    .   (no shield)
rNeg     . . .     Faith    .   C - +1 leather armour "Daqacaeg" {-Cast Int+4 Dex+10 Stlth+}
rPois    .         Spirit   .   (no helmet)
rElec    .         Reflect  .   (no cloak)
rCorr    .         Harm     .   (no gloves)
MR       .....     NoCast   +   (no boots)
Stlth    +++.......             (no amulet)
HPRegen  0.19/turn              w - ring of magical power
MPRegen  0.17/turn              o - ring of ice

@: lethally poisoned (-5 -> -15)
A: no striking features
a: no special abilities


You were on level 5 of the Dungeon.
You were not hungry.

You visited 1 branch of the dungeon, and saw 6 of its levels.

You collected 216 gold pieces.

Inventory:

Hand Weapons
 a - a +0 short sword (weapon)
 A - a +0 long sword
Missiles
 e - a throwing net (quivered)
 h - 25 poisoned needles
 i - 108 sling bullets
 k - 49 arrows
Armour
 b - a +1 leather armour
 C - the +1 leather armour "Daqacaeg" (worn) {-Cast Int+4 Dex+10 Stlth+}
   (You found it on level 5 of the Dungeon)

   It affects your intelligence (+4).
   It affects your dexterity (+10).
   It prevents spellcasting.
   It makes you more stealthy.
Jewellery
 j - a +1 ring of protection
 o - a ring of ice (right hand)
 w - a ring of magical power (left hand)
 z - an uncursed ring of resist corrosion {unknown}
Wands
 d - a wand of enslavement (7)
Scrolls
 l - 3 scrolls of identify
 y - a scroll of fog
Potions
 c - a potion of mutation
 g - a potion of berserk rage {unknown}
 m - 4 potions of curing
 n - a potion of resistance {unknown}
 p - a potion of degeneration {unknown}
 r - 2 potions of flight {unknown}
 s - a potion of cancellation {unknown}
 v - 2 potions of magic {unknown}
 x - a potion of invisibility {unknown}
 B - a potion of agility
Comestibles
 f - 4 rations


   Skills:
 + Level 3.0 Fighting
 + Level 5.7 Short Blades
 + Level 3.1 Armour
 + Level 4.1 Dodging
 + Level 2.3 Stealth
 + Level 4.0 Evocations


You had 7 spell levels left.
You didn't know any spells.
Your spell library was empty.

Dungeon Overview and Level Annotations

Branches:
Dungeon (6/15)             Temple (0/1) D:4

Altars:

Annotations:
D:3 exclusion: downstairs, Grinder
D:4 exclusions: downstairs and upstairs
D:5 exclusion: 2 downstairs
D:6 exclusion: upstairs, Eustachio


Message History

You feel sick.
You hit the orc wizard.
The orc wizard is heavily wounded.
You feel sick.
The orc priest invokes the aid of Beogh against you.
Beogh smites you! The orc wizard casts a spell at you. The magic dart hits you!
You hit the orc wizard.
The orc wizard is severely wounded.
You feel sick. The orc wizard barely misses you.
You hit the orc wizard.
The orc wizard is almost dead.
You feel sick.
The orc priest invokes the aid of Beogh against you.
Beogh smites you!
* * * LOW HITPOINT WARNING * * *
The orc wizard gestures at you while chanting.
The magic dart hits you!
You die...

#.........#
#.##......#
#.###.....#
#.# #.....#
#.# #..##.#
#.# #..# .#
#.# ..# #
#.###..##.#
#...@)....#
#####o.####
o.# ..# ...
#... ####


You could see an orc priest and an orc wizard.

Vanquished Creatures
  2 ogres (D:4)
  A crimson imp (D:4)
  An orc priest (D:4)
  2 hounds
  A bullfrog skeleton (D:3)
  A centaur skeleton (D:4)
  2 worker ants (D:5)
  An iguana (D:5)
  7 orc wizards
  A worker ant zombie (D:5)
  4 gnolls
  7 adders
  A shadow imp (D:4)
  3 worms
  3 dart slugs (D:1)
  4 leopard geckos
  22 orcs
  5 bats
  3 giant cockroaches
  4 goblins
  5 hobgoblins
  3 jackals
  2 quokkas
  5 frilled lizards
  5 kobolds (D:1)
  A quokka zombie (D:4)
  3 rats
  A butterfly (D:4)
100 creatures vanquished.

Vanquished Creatures (collateral kills)
  An ogre (D:4)
  Blork the orc (D:4)
2 creatures vanquished.

Vanquished Creatures (others)
  An iguana (D:5)
  A worker ant (D:4)
2 creatures vanquished.

Grand Total: 104 creatures vanquished

Notes
Turn   | Place    | Note
-------+----------+-------------------------------------------
     0 | D:1      | H0rd4k the Human Artificer began the quest for the Orb.
     0 | D:1      | Reached XP level 1. HP: 15/15 MP: 3/3
    97 | D:1      | Reached XP level 2. HP: 9/21 MP: 4/4
   365 | D:1      | Reached XP level 3. HP: 10/26 MP: 5/5
   797 | D:2      | Reached skill level 2 in Short Blades
  1508 | D:3      | Reached skill level 1 in Armour
  1508 | D:3      | Reached XP level 4. HP: 19/32 MP: 6/6
  2108 | D:3      | Noticed Grinder
  2354 | D:4      | Reached XP level 5. HP: 32/38 MP: 7/7
  2389 | D:4      | Noticed an ogre
  2421 | D:4      | Killed an ogre
  2421 | D:4      | Reached skill level 3 in Short Blades
  2421 | D:4      | Reached XP level 6. HP: 20/44 MP: 8/8
  3281 | D:4      | Noticed an ogre
  3313 | D:5      | Entered Level 5 of the Dungeon
  3411 | D:4      | Noticed an ogre
  3414 | D:4      | Killed an ogre
  3414 | D:4      | Reached skill level 4 in Short Blades
  3509 | D:5      | Noticed a water moccasin
  3533 | D:6      | Noticed Eustachio
  3538 | D:5      | Reached XP level 7. HP: 50/50 MP: 9/9
  5297 | D:4      | Noticed Blork the orc
  5445 | D:4      | Found a staircase to the Ecumenical Temple.
  5998 | D:4      | Killed Blork the orc
  6164 | D:5      | Reached skill level 5 in Short Blades
  6164 | D:5      | Reached XP level 8. HP: 29/57 MP: 11/11
  6420 | D:5      | Got a pitted leather armour
  6475 | D:4      | Identified the cursed +1 leather armour "Daqacaeg" {-Cast
                  | Int+4 Dex+10 Stlth+} (You found it on level 5 of the
                  | Dungeon)
  7440 | D:5      | Killed from afar by an orc wizard

Skill      XL: |  1  2  3  4  5  6  7  8 |
---------------+-------------------------+-----
Short Blades   | 2 3 4 5 |  5.7
Armour         | 1 2 3 |  3.1
Fighting       | 2 3 |  3.0
Dodging        | 3 4 |  4.1
Evocations     | 4 |  4.0
Stealth        | 2 |  2.3

Action                   |  1- 3 |  4- 6 |  7- 9 || total
-------------------------+-------+-------+-------++-------
Melee: Short sword       |    92 |   153 |   502 ||   747
Evoke: Wand              |     3 |    28 |     7 ||    38
  Use: Potion            |       |       |     3 ||     3
       Scroll            |       |       |     5 ||     5
 Stab: Sleeping          |     2 |     1 |     2 ||     5
  Eat: Chunk             |     1 |     7 |    10 ||    18
       Ration            |       |       |     1 ||     1
Armor: Leather armour    |    26 |    29 |    67 ||   122
Dodge: Dodged            |    52 |    97 |   226 ||   375
